 Dungeon Crawl Stone Soup version 0.31.0-12-g77e489cdc1 (webtiles) character file.

Game seed: 11247756752448682282

709 Doomgape the Trooper (level 7, -14/45 HPs)
             Began as a Gargoyle Fighter on Feb 26, 2024.
             Demolished by an ogre
             ... wielding a +0 giant club
              (31 damage)
             ... on level 4 of the Dungeon.
             The game lasted 00:09:26 (3294 turns).

Doomgape the Trooper (Gargoyle Fighter)             Turns: 3294, Time: 00:09:27

Health: -14/45     AC: 12    Str: 22    XL:     7   Next: 68%
Magic:  7/7        EV:  9    Int:  8    God:
Gold:   188        SH:  4    Dex:  9    Spells: 6/6 levels left

rFire   . . .        a - +1 flail (elec)
rCold   . . .        c - +0 buckler
rNeg    + . .        b - +0 scale mail
rPois   ∞            (no helmet)
rElec   +            (no cloak)
rCorr   .            (no gloves)
SInv    .            (no boots)
Will    .....        (no amulet) Stlth
                     (no ring)
HPRegen 0.27/turn    (no ring)
MPRegen 0.10/turn

%: no passive effects
@: no status effects
A: sickness immunity, AC +4, negative energy resistance 1, electricity
resistance, torment resistance 1, petrification resistance
a: no special abilities


You were on level 4 of the Dungeon.
You visited 1 branch of the dungeon, and saw 4 of its levels.
You also visited: Sewer.

You collected 188 gold pieces.

Inventory:

Hand Weapons
 a - a +1 flail of electrocution (weapon)
Armour
 b - a +0 scale mail (worn)
 c - a +0 buckler (worn)
Wands
 k - a wand of roots (8)
 o - a wand of paralysis (14)
Scrolls
 f - 3 scrolls of identify
 n - a scroll of immolation {unknown}
 q - a scroll of poison
Potions
 d - a potion of might
 e - 3 potions of berserk rage
 g - 2 potions of ambrosia {unknown}
 h - a potion of curing {unknown}
 i - 2 potions of degeneration {unknown}
 j - 2 potions of attraction {unknown}
 l - a potion of enlightenment {unknown}
 m - a potion of haste {unknown}
 r - a potion of lignification {unknown}


   Skills:
 + Level 5.7 Fighting
 + Level 4.6 Maces & Flails
 + Level 5.7 Armour
 - Level 5.0 Shields


You had 6 spell levels left.
You didn't know any spells.
Your spell library contained the following spells:

 Spells                   Type           Power      Damage    Failure   Level
 Freeze                   Ice            0%         1d3       78%         1
 Sting                    Conj/Alch      0%         1d3       78%         1
 Mercury Vapours          Alch/Air       0%         N/A       89%         2
 Frozen Ramparts          Ice            0%         1d1       98%         3
 Hailstorm                Conj/Ice       0%         3d5       98%         3
 Leda's Liquefaction      Alch/Erth      0%         N/A       100%        4
 Olgreb's Toxic Radiance  Alch           0%         N/A       100%        4
 Lee's Rapid Deconstruct  Erth           0%         3d4*      100%        5
 Bombard                  Conj/Erth      0%         9d1       100%        6


Dungeon Overview and Level Annotations

Branches:
Dungeon (4/15)              Sewer (visited)
 Temple: D:4-7

Altars:
Nemelex Xobeh
Vehumet
Wu Jian
Yredelemnul

Shops:
D:1 *   D:3 (


Innate Abilities, Weirdness & Mutations

You are immune to sickness and miasma.
Your stone body is resilient. (AC +4)
You are immune to poison.
You resist negative energy. (rN+)
You are resistant to electric shocks. (rElec)
You are resistant to unholy torment.
You are immune to petrification.


Message History

Things that are here:
a +0 dagger; a +0 robe; an orc corpse An orc comes into view.
It is wielding a +0 short sword.
You barely miss the orc. The orc barely misses you. x2
A quokka comes into view.
You hit the orc. Lightning courses through the orc!
You kill the orc!
You block the orc's attack.
The orc throws a boomerang.
The boomerang hits you but does no damage.
You hit the orc. Lightning courses through the orc!
You kill the orc!
The orc throws a boomerang.
The boomerang barely misses you.
An ogre comes into view. It is wielding a +0 giant club.
The ogre shouts!
The orc misses you.
You see here a +0 war axe.
You barely miss the orc. The orc hits you but does no damage.
You barely miss the orc. The orc hits you but does no damage.
You closely miss the orc. You block the quokka's attack.
The orc hits you but does no damage.
You sock the orc!
You kill the orc!
You block the quokka's attack. x2; The ogre misses you.
You hit the ogre.
The ogre is lightly wounded.
The quokka bites you but does no damage.
A jelly comes into view.
You barely miss the ogre.
The ogre is lightly wounded.
The jelly quivers.
You block the quokka's attack.
The ogre hits you with a +0 giant club!!
Ouch! That really hurt!
The quokka bites you but does no damage.
The quokka attacks as it pursues you! The quokka closely misses you.
The ogre attacks as it pursues you! The ogre hits you with a +0 giant club.
The quokka barely misses you. The ogre attacks as it pursues you!
The ogre hits you with a +0 giant club!!
Ouch! That really hurt!
You die...

..# #.. ..##... ##..
........ #.... ........ .
..J#####.....$ #..
.......#...## .....#
###..#)#.#..#...... ......
.......)r.....##..# ......
...#...#O@.#.....###......
#....#...#....#...#......#
#.#........)#.#..........#
#...#.._..#...#.........#
#.#.........#.#...<.....#
# ...#...#....#....<#...#
..#...#...#........# ...
....................# .
..#.#.#..##....[...#


You could see an ogre, a jelly and a quokka.

Vanquished Creatures
  Sigmund (D:2)
  Pargi (Sewer)
  2 brain worms (Sewer)
  A jelly (D:3)
  A bombardier beetle (D:3)
  A gnoll bouda (D:3)
  An orc wizard (D:4)
  5 gnolls
  4 adders
  A river rat (D:3)
  2 dart slugs
  4 ribbon worms
  3 orcs (D:4)
  9 bats
  4 endoplasms
  6 giant cockroaches
  6 hobgoblins
  4 jackals
  17 kobolds
  2 quokkas
  12 ball pythons
  4 frilled lizards
  6 goblins
  10 rats
107 creatures vanquished.

Notes
Turn   | Place    | Note
-------+----------+-------------------------------------------
     0 | D:1      | Doomgape the Gargoyle Fighter began the quest for the Orb.
     0 | D:1      | Reached XP level 1. HP: 14/14 MP: 1/1
    32 | D:1      | Reached XP level 2. HP: 11/19 MP: 2/2
   106 | D:1      | Found Giown's Assorted Antiques.
   324 | D:1      | Reached XP level 3. HP: 24/24 MP: 3/3
   846 | D:2      | Reached XP level 4. HP: 20/29 MP: 4/4
  1015 | D:2      | Noticed Sigmund
  1023 | D:2      | Killed Sigmund
  1024 | D:2      | Reached XP level 5. HP: 34/34 MP: 5/5
  1024 | D:2      | Reached XP level 6. HP: 39/39 MP: 6/6
  1497 | D:2      | Found a faded altar of an unknown god.
  2120 | D:3      | Found a sparkling altar of Nemelex Xobeh.
  2216 | D:3      | Found Sunusoh's Weapon Shoppe.
  2361 | D:3      | Found a glowing drain.
  2369 | Sewer    | Entered a sewer
  2395 | Sewer    | Reached skill level 5 in Fighting
  2395 | Sewer    | Reached skill level 5 in Armour
  2395 | Sewer    | Reached skill level 5 in Shields
  2465 | Sewer    | Reached XP level 7. HP: 42/44 MP: 7/7
  2538 | Sewer    | Noticed Pargi
  2545 | Sewer    | Killed Pargi
  2633 | D:3      | Found an ornate altar of the Wu Jian Council.
  2867 | D:3      | Found a basalt altar of Yredelemnul.
  3272 | D:4      | Found a radiant altar of Vehumet.
  3294 | D:4      | Demolished by an ogre

Illustrated notes

Levels and vault maps discovered:
D:1:      eino_arrival_cavern_d, layout_rooms, serial_shops, nicolae_shop_stone,
          chequers_serial_rivers_small_b
D:2:      layout_basic, basic_ecumenical_altar, nicolae_half_adder, uniq_sigmund
D:3:      layout_loops_corners, marbit_many_paths,
          mainiacjoe_overflow_surrounded_room, nzn_wu_jian_contemplation,
          serial_shops, shop, portal_sewer_entry_e
D:4:      layout_cave_pools, nicolae_vehumet_radiance

Skill      XL: |  1  2  3  4  5  6 |
---------------+-------------------+-----
Fighting       | 4 5 |  5.7
Shields        | 4 5 |  5.0
Armour         | 4 5 |  5.7
Maces & Flails | 3 4 |  4.6

Action                     |  1- 3 |  4- 6 |  7- 9 || total
---------------------------+-------+-------+-------++-------
  Melee: Flail             |   119 |   144 |    61 ||   324
  Evoke: Wand              |     4 |     2 |       ||     6
    Use: Scroll            |     1 |     3 |     4 ||     8
 Armour: Scale mail        |   107 |    91 |    50 ||   248
  Dodge: Dodged            |    68 |    75 |    30 ||   173
  Block: Buckler           |    35 |    32 |    16 ||    83
